 Dungeon Crawl Stone Soup version 0.32-a0-20-ge526923d97 (webtiles) character file.

Game seed: 13884597994468628123

194 jasper the Sneak (level 5, -3/24 HPs)
             Began as a Spriggan Alchemist on Jan 17, 2024.
             Was an Initiate of Vehumet.
             Slain by a killer bee (8 damage)
             ... on level 4 of the Dungeon.
             The game lasted 00:05:01 (3836 turns).

jasper the Sneak (Spriggan Alchemist)               Turns: 3836, Time: 00:05:02

Health: -3/24      AC:  2    Str:  4    XL:     5   Next: 44%
Magic:  13/13      EV: 17    Int: 19    God:    Vehumet [......]
Gold:   159        SH:  0    Dex: 15    Spells: 1/14 levels left

rFire   . . .        m - +0 trident
rCold   . . .        (shield currently unavailable)
rNeg    . . .        a - +0 robe
rPois   .            (helmet restricted)
rElec   .            (no cloak)
rCorr   .            (gloves unavailable)
SInv    +            (boots unavailable)
Will    .....        (no amulet)
Stlth   ++++         (no ring)
HPRegen 0.24/turn    (no ring)
MPRegen 0.13/turn

%: no passive effects
@: very slightly contaminated, very quick
A: very small, no large weapons, unfitting armour, see invisible, speed 3
a: Renounce Religion


You were on level 4 of the Dungeon.
You worshipped Vehumet.
Vehumet was noncommittal.
You visited 2 branches of the dungeon, and saw 5 of its levels.

You collected 159 gold pieces.

Inventory:

Hand Weapons
 d - a +0 dagger
 m - a +0 trident (weapon)
Armour
 a - a +0 robe (worn)
Scrolls
 c - a scroll of summoning {unknown}
 e - 2 scrolls of teleportation {unknown}
 j - 3 scrolls of revelation {unknown}
 k - a scroll of identify {unknown}
 l - a scroll of poison {unknown}
 n - 2 scrolls of vulnerability {unknown}
Potions
 f - 2 potions of heal wounds {unknown}
 g - a potion of cancellation {unknown}
 h - a potion of mutation {unknown}
 i - a potion of attraction {unknown}
 o - a potion of curing {unknown}
 p - 2 potions of lignification {unknown}
 q - a potion of ambrosia {unknown}
 r - a potion of resistance {unknown}


   Skills:
 - Level 2.6 Dodging
 - Level 7.1 Stealth
 + Level 5.0 Spellcasting
 - Level 0.6 Conjurations
 - Level 3.2 Alchemy


You had one spell level left.
You knew the following spells:

 Your Spells              Type           Power      Damage    Failure   Level
a - Sting                 Conj/Alch      48%        1d6       5%          1
b - Mephitic Cloud        Conj/Alch/Air  9%         N/A       22%         3
c - Olgreb's Toxic Radia  Alch           17%        N/A       32%         4
d - Blink                 Tloc           8%         N/A       19%         2
e - Stone Arrow           Conj/Erth      10%        3d7       32%         3

Your spell library contained the following spells:

 Spells                   Type           Power      Damage    Failure   Level
 Magic Dart               Conj           28%        1d4       10%         1
 Sandblast                Erth           8%         2d5       12%         1
 Mercury Vapours          Alch/Air       22%        N/A       10%         2
 Call Imp                 Summ           8%         N/A       19%         2
 Passwall                 Erth           4%         N/A       36%         3
 Sticky Flame             Fire/Alch      11%        2d5       54%         4
 Brom's Barrelling Bould  Conj/Erth      5%         2d3       73%         4


Dungeon Overview and Level Annotations

Branches:
Dungeon (4/15)             Temple (1/1) D:4

Altars:
Cheibriados
Fedhas
Gozag
Nemelex Xobeh
Qazlal
Ru
Uskayaw
Vehumet
Wu Jian
Xom
The Shining One

Annotations:
D:3 exclusion: water moccasin


Innate Abilities, Weirdness & Mutations

You are very small and have problems with some larger weapons.
You are too small for most types of armour.
You have supernaturally acute eyesight. (SInv)
You cover ground extremely quickly. (Speed+++)


Message History

A goblin is nearby!
The goblin shouts!
A killer bee comes into view.
Things that are here:
a +0 morningstar; a +0 chain mail; an orc corpse
Aiming: Sting (safe; 5% risk of failure)
Press: ? - help, Q - select action, (/) - cycle Shift-Dir - straight line, f - goblin
Aim: a goblin, wielding a +0 club (64% to hit)
The sting hits the goblin.
The goblin is poisoned.
You kill the goblin!
Vehumet accepts your kill.
The killer bee buzzes angrily.
You hear an angry buzzing noise.
You now have 6/13 mp.
Casting: Sting (safe; 5% risk of failure)
Confirm with . or Enter, or press ? or * to list all spells.
You miscast Olgreb's Toxic Radiance.
You are very lightly contaminated with residual magic.
Nothing appears to happen.
A killer bee comes into view.
You now have 2/13 mp.
Casting: Olgreb's Toxic Radiance (astonishingly dangerous; 32% risk of failure)
Confirm with . or Enter, or press ? or * to list all spells.
You don't have enough magic to cast this spell.
The killer bee buzzes angrily.
The killer bee stings you.
You take 4 damage, and have 10/24 hp.
The killer bee attacks as it pursues you!
The killer bee closely misses you.
Something stings the plant!
The plant begins to die.
The killer bee closely misses you.
Something stings the plant!
The killer bee barely misses you.
Something stings the plant!
The killer bee stings you.
Something stings the plant.
The killer bee stings you.
* * * LOW HITPOINT WARNING * * *
You take 5 damage, and have 5/24 hp.
MASSIVE DAMAGE!!
The killer bee attacks as it pursues you!
The killer bee closely misses you. Magic courses through your body.
The killer bee barely misses you. The killer bee stings you!
You die...

♣P~~..~~~≈≈ ....# ~~....~~~≈
##.... ♣P~.).♣~~≈ .....
♣♣~~~..~~P~ .... ♣~~~..~.~~~
#..# ♣~~)~...~P~ ..#.
#..##♣~~~...~P~P
P....##.....~♣~~.~~~♣#
~P.......@y..♣♣~..♣~#
...~..~~....###.##...♣~....#
#...~~~.~...>....##.#♣~....#
#..~~~~~..........#..##.####
#..~~≈~.~..##......>.# ..
....~~≈~.♣.##...##+### #..
...~~~~~~P.#...##
...~~~~.~.....##
......~......##


You could see a killer bee.

Vanquished Creatures
  Natasha (thrice) (D:2)
  An orc wizard (D:4)
  2 adders
  A dart slug (D:1)
  A ribbon worm (D:2)
  6 orcs
  8 ball pythons
  5 endoplasms
  2 giant cockroaches
  7 goblins
  8 hobgoblins
  2 jackals (D:3)
  2 quokkas
  5 bats
  7 frilled lizards
  5 kobolds
  A rat (D:2)
66 creatures vanquished.

Notes
Turn   | Place    | Note
-------+----------+-------------------------------------------
     0 | D:1      | jasper the Spriggan Alchemist began the quest for the Orb.
     0 | D:1      | Reached XP level 1. HP: 9/9 MP: 5/5
   152 | D:1      | Reached skill level 4 in Stealth
   214 | D:1      | Reached XP level 2. HP: 13/13 MP: 4/6
   583 | D:1      | Reached skill level 5 in Stealth
  1290 | D:2      | You fall into a shaft and drop 1 floor!
  1396 | D:3      | Reached XP level 3. HP: 16/16 MP: 5/8
  1400 | D:3      | Learned a level 3 spell: Mephitic Cloud
  1816 | D:2      | Reached skill level 6 in Stealth
  2144 | D:2      | Noticed Natasha
  2151 | D:2      | Killed Natasha
  2152 | D:2      | Reached skill level 7 in Stealth
  2152 | D:2      | Reached XP level 4. HP: 13/21 MP: 3/9
  2157 | D:2      | Learned a level 4 spell: Olgreb's Toxic Radiance
  2257 | D:2      | Found a blossoming altar of Fedhas.
  2265 | D:2      | Noticed Natasha
  2282 | D:2      | Killed Natasha
  2453 | D:2      | Noticed Natasha
  2474 | D:2      | Killed Natasha
  2479 | D:2      | Learned a level 2 spell: Blink
  2577 | D:2      | Found a faded altar of an unknown god.
  2761 | D:3      | Reached XP level 5. HP: 24/24 MP: 10/12
  3000 | D:3      | Noticed a water moccasin
  3523 | D:4      | Learned a level 3 spell: Stone Arrow
  3602 | D:4      | Found a staircase to the Ecumenical Temple.
  3648 | Temple   | Entered the Ecumenical Temple
  3661 | Temple   | Became a worshipper of Vehumet
  3795 | D:4      | Reached skill level 5 in Spellcasting
  3836 | D:4      | Slain by a killer bee

Illustrated notes

Levels and vault maps discovered:
D:1:      dpeg_arrival_central, layout_basic
D:2:      layout_basic, basic_altar, shapermc_ecumenical_altar_flowoftime,
          minmay_tromino_i2, uniq_natasha
D:3:      layout_loops_ring, minivault_26, chequers_jeans, minmay_lizard_king
D:4:      layout_cave_pools, okawaru_metal_pillars_1_2, fedhas_altar_2,
          chequers_temple_overflow_statue_of_worship, temple_pool_b,
          serial_bayou, serial_bayou_ford_a, serial_bayou_pond_e,
          serial_bayou_pond_b, serial_bayou_pond_c, dk_noncrumbling_4,
          minivault_5
Temple:   zaba_magenta_temple

Skill      XL: |  1  2  3  4  5 |
---------------+----------------+-----
Stealth        | 4 5 7 |  7.1
Spellcasting   | 4 5 |  5.0
Dodging        | |  2.6
Conjurations   | |  0.6
Alchemy        | |  3.2

Action                     |  1- 3 |  4- 6 || total
---------------------------+-------+-------++-------
  Melee: Dagger            |     1 |       ||     1
         Trident           |       |     4 ||     4
   Cast: Sting             |    84 |    56 ||   140
         Olgreb's Toxic Ra |       |     3 ||     3
    Use: Potion            |       |     1 ||     1
 Armour: Robe              |     5 |    10 ||    15
  Dodge: Dodged            |    13 |    24 ||    37

Table legend: (Time is in decaauts)
 A = Elapsed time spent in this place.
 B = Non-inter-level travel time spent in this place.
 C = Inter-level travel time spent in this place.
 D = Time resting spent in this place.
 E = Time spent auto-exploring this place.
 F = Levels seen in this place.
 G = Mean time per level.
                   A        B        C        D        E       F      G
               +--------+--------+--------+--------+--------+-----+--------+
         Total |   2911 |   2822 |     89 |      7 |   2404 |   5 |  582.2 |
       Dungeon |   2894 |   2819 |     75 |      7 |   2404 |   4 |  723.5 |
        Temple |     17 |      3 |     14 |      0 |      0 |   1 |   17.0 |
               +--------+--------+--------+--------+--------+-----+--------+

Top non-repeatable levels by time:
     D:1: 961 daAuts
     D:2: 846 daAuts
     D:3: 806 daAuts
     D:4: 280 daAuts
  Temple: 17 daAuts
